 Dungeon Crawl Stone Soup version 0.23.2-1-ga50397a (webtiles) character file.

Game seed: 15081360817432261811

111 prawnwizard the Sneak (level 4, -2/21 HPs)
             Began as a Spriggan Enchanter on May 15, 2019.
             Killed from afar by an orc wizard (6 damage)
             ... with a magic dart
             ... on level 2 of the Dungeon.
             The game lasted 00:06:53 (2326 turns).

prawnwizard the Sneak (Spriggan Enchanter)          Turns: 2326, Time: 00:06:53

Health: -2/21      AC:  2    Str:  4    XL:     4   Next: 62%
Magic:  1/9        EV: 19    Int: 16    God:
Gold:   148        SH:  0    Dex: 17    Spells: 6/9 levels left

rFire    . . .     SeeInvis +   a - +1 dagger
rCold    . . .     Gourm    .   (shield restricted)
rNeg     . . .     Faith    .   b - +0 robe
rPois    .         Spirit   .   (helmet restricted)
rElec    .         Reflect  .   (no cloak)
rCorr    +         Harm     .   (gloves unavailable)
MR       .....                  (boots unavailable)
Stlth    +++.......             p - amulet of regeneration
HPRegen  0.47/turn              j - ring of resist corrosion
MPRegen  0.11/turn              (no ring)

@: very quick
A: very small, unfitting armour, see invisible, herbivore, speed 3, slow
metabolism 2
a: no special abilities


You were on level 2 of the Dungeon.
You were not hungry.

You visited 1 branch of the dungeon, and saw 3 of its levels.

You collected 148 gold pieces.

Inventory:

Hand Weapons
 a - a +1 dagger (weapon)
Armour
 b - a +0 robe (worn)
Jewellery
 j - a ring of resist corrosion (left hand)
 p - an amulet of regeneration (around neck)
Scrolls
 c - a scroll of magic mapping {unknown}
 e - a scroll of fog {unknown}
 g - a scroll of enchant weapon {unknown}
 i - 4 scrolls of identify {unknown}
 k - a scroll of teleportation {unknown}
 m - a scroll of amnesia {unknown}
Potions
 h - a potion of ambrosia {unknown}
 l - 2 potions of degeneration {unknown}
 n - a potion of invisibility {unknown}
 o - a potion of curing {unknown}
 r - a potion of resistance {unknown}
Comestibles
 d - 7 rations


   Skills:
 * Level 2.5 Short Blades
 + Level 3.8 Dodging
 * Level 5.9 Stealth
 + Level 3.3 Spellcasting
 + Level 4.2 Hexes


You had 6 spell levels left.
You knew the following spells:

 Your Spells              Type           Power        Failure   Level  Hunger
a - Corona                Hex            ###....      3%          1    None
b - Ensorcelled Hibernat  Hex/Ice        #.....       12%         2    ##.....

Your spell library contained the following spells:

 Spells                   Type           Power        Failure   Level  Hunger
 Confuse                  Hex            ###.....     10%         3    ###....
 Tukima's Dance           Hex            ###.....     10%         3    ###....
 Dazzling Spray           Conj/Hex       #.....       22%         3    ###....


Dungeon Overview and Level Annotations

Branches:
Dungeon (3/15)

Altars:


Innate Abilities, Weirdness & Mutations

You are very small and have problems with some larger weapons.
You are too small for most types of armour.
You have supernaturally acute eyesight. (SInv)
You are a herbivore.
You cover ground extremely quickly.
You need to consume almost no food.


Message History

Aiming: Corona (safe; 3% risk of failure)
Press: ? - help, Shift-Dir - straight line, f/p - orc wizard
Aim: an orc wizard, wielding a +0 dagger and wearing a +0 robe (softly glowing, chance to defeat MR: 53%)
The orc wizard glows brighter.
The orc wizard closely misses you.
Casting: Corona (safe; 3% risk of failure)
Confirm with . or Enter, or press ? or * to list all spells.
You don't have enough magic to cast that spell.
Unknown command.
You hit the orc wizard but do no damage.
The orc wizard casts a spell at you. The puff of flame hits you.
* * * LOW HITPOINT WARNING * * *
You closely miss the orc wizard. The orc wizard closely misses you.
You hit the orc wizard but do no damage.
The orc wizard barely misses you.
You hit the orc wizard.
The orc wizard is lightly wounded.
The orc wizard gestures at you while chanting.
The magic dart hits you.
You die...

############
#......"...#######
#####.#...o.@.....).<#
#####(....#.######.#####.#
...##.#####.# #.#
#.######## ##.##.# #.# #.#
#.##..)... #.##.# #.# #.#
#.##.##### #.##.# ##.##
#.# #.##.# #.##)# ##.#.##
#.# #.##.# #.##(###.###.##
#.#####.##.#####
#.##....## ##.#
#..........#....


You could see an orc wizard.

Vanquished Creatures
  Natasha (D:3)
  A gnoll (D:1)
  2 adders
  A worm (D:2)
  2 leopard geckos
  An orc (D:2)
  4 ball pythons
  3 giant cockroaches
  6 goblins
  6 hobgoblins
  2 jackals (D:2)
  9 bats
  7 frilled lizards
  6 kobolds
  3 rats (D:1)
54 creatures vanquished.

Notes
Turn   | Place    | Note
-------+----------+-------------------------------------------
     0 | D:1      | prawnwizard the Spriggan Enchanter began the quest for the
                  | Orb.
     0 | D:1      | Reached XP level 1. HP: 9/9 MP: 5/5
   245 | D:1      | Reached XP level 2. HP: 12/13 MP: 6/6
   249 | D:1      | Learned a level 2 spell: Ensorcelled Hibernation
   549 | D:1      | Reached skill level 5 in Stealth
   549 | D:1      | Reached XP level 3. HP: 8/16 MP: 4/8
  1645 | D:2      | Reached XP level 4. HP: 7/21 MP: 0/9
  2046 | D:3      | Noticed Natasha
  2062 | D:3      | Killed Natasha
  2326 | D:2      | Killed from afar by an orc wizard

Skill      XL: |  1  2  3 |
---------------+----------+-----
Short Blades   | 2 |  2.5
Stealth        | 5 |  5.9
Spellcasting   | 3 |  3.3
Hexes          | 4 |  4.2
Dodging        | |  3.8

Action                   |  1- 3 |  4- 6 || total
-------------------------+-------+-------++-------
Melee: Dagger            |   190 |    65 ||   255
 Cast: Ensorcelled Hiber |     8 |     7 ||    15
       Corona            |       |     8 ||     8
 Stab: Sleeping          |    17 |     5 ||    22
Armor: Robe              |    30 |    10 ||    40
Dodge: Dodged            |   145 |    89 ||   234
